Unix NetHack Version 3.7.0-53 Work-in-progress - last build Apr 18 2022 03:42:42 (02b85442fffe0e2954e411e09df771b56fe27bbc,branch:master). Game began 2022-04-23 17:23:45, ended 2022-04-23 17:29:49. Anerag, chaotic female elven Priestess ------- ....<.| |.....| rrr |.....|##### @ |......#### @ ------- ## #r# #### # ## --.--.-- 0############################-......| ### # # |......| # ## |{.....| ####-----# .......| #|...|# -------- #..>.-# ----- Anerag the Acolyte St:13 Dx:9 Co:16 In:13 Wi:20 Ch:9 Chaotic Dlvl:4 $:321 HP:0(29) Pw:22(44) AC:7 Exp:3 T:1288 Latest messages: In what direction? . You feel better. The sewer rat misses! The sewer rat bites! The wererat misses! What do you want to use or apply? [g-jmpy or ?*] i Improvise? [ynq] (q) y You start playing your tooled horn. You produce a frightful, grave sound. The giant rat turns to flee. The sewer rat turns to flee. The sewer rat turns to flee. The sewer rat misses! The sewer rat misses! The wererat hits! You miss the wererat. The sewer rat bites! The sewer rat bites! The wererat changes into a rat. The wererat bites! In what direction? . You feel better. The sewer rat misses! The sewer rat bites! The wererat bites! The wererat changes into a human. In what direction? . You feel better. The giant rat bites! The sewer rat bites! The sewer rat bites! The wererat hits! What do you want to use or apply? [g-jmpy or ?*] i Improvise? [ynq] (q) y You start playing your tooled horn. You produce a frightful, grave sound. The sewer rat turns to flee. The giant rat bites! The sewer rat misses! The sewer rat bites! The wererat hits! You hit the wererat! The giant rat bites! The sewer rat bites! The sewer rat bites! The wererat summons help! A giant rat suddenly appears close by! The wererat hits! You die... Do you want your possessions identified? [ynq] (y) q Major events: Turn 1: Anerag the chaotic elven Priestess entered the dungeon 985: attained the rank of Acolyte (level 3) 1288: killed by a wererat Inventory: Coins $ - 321 gold pieces Weapons z - 9 blessed +0 darts (at the ready) a - a blessed +1 mace (weapon in hand) Armor o - a cursed -4 pair of levitation boots c - an uncursed +0 small shield (being worn) b - an uncursed +0 robe (being worn) Comestibles e - an uncursed clove of garlic l - 4 uncursed food rations x - an uncursed orange f - an uncursed sprig of wolfsbane k - 2 uncursed tins of deep fried kobold meat Scrolls s - an uncursed scroll of confuse monster u - an uncursed scroll of teleportation Spellbooks p - an uncursed spellbook of detect food g - an uncursed spellbook of healing y - an uncursed spellbook of jumping m - an uncursed spellbook of light h - an uncursed spellbook of stone to flesh Potions w - an uncursed potion of booze v - an uncursed potion of gain ability t - an uncursed potion of hallucination n - a blessed potion of healing A - a blessed potion of sickness q - an uncursed potion of sickness d - 4 potions of holy water Wands j - an uncursed wand of light (0:12) Tools i - an uncursed tooled horn Anerag the Priestess's attributes: Background: You were an Acolyte, a level 3 elven Priestess. You were chaotic, on a mission for Anhur who was opposed by Ptah (lawful) and Thoth (neutral). You were in the Dungeons of Doom, on level 4. You entered the dungeon 1288 turns ago. You had 52 experience points, 28 more were needed to attain level 4. Basics: You had 0 out of 29 hit points. You had 22 out of 44 energy points (spell power). Your armor class was 7. Your wallet contained 321 zorkmids. Autopickup was on for '$' plus thrown. Final Characteristics: Your strength was 13 (limit:18). Your dexterity was 9 (limit:18). Your constitution was 16 (limit:16). Your intelligence was 13 (limit:20). Your wisdom was 20 (limit:20). Your charisma was 9 (limit:18). Final Status: You were not hungry. You were unencumbered. You were wielding a mace. You had basic skill with mace. Final Attributes: You were devoutly aligned. You had infravision. You were guarded. You are dead. Miscellaneous: You disabled loading of bones levels. Total elapsed playing time was 6 minutes and 4 seconds. Vanquished creatures: a hobbit a yellow mold a red mold 2 jackals a fox a kobold a goblin 2 sewer rats 7 grid bugs 2 lichens 9 newts 28 creatures vanquished. No species were genocided or became extinct. Voluntary challenges: You read items or engraved 1 time. You never engraved Elbereth. You never genocided any monsters. You never polymorphed an object. You never changed form. You used no wishes. Achievement: You attained the rank of Acolyte. The Dungeons of Doom: levels 1 to 5 Level 1: Level 2: An altar. Level 3: Many fountains. Level 4: <- You were here. A fountain. Final resting place for you, killed by a wererat. Level 5: Game over: ---------- / \ / REST \ / IN \ / PEACE \ / \ | Anerag | | 321 Au | | killed by a | | wererat | | | | | | 2022 | *| * * * | * _________)/\\_//(\/(/\)/\//\/|_)_______ Goodbye Anerag the Priestess... You died in The Dungeons of Doom on dungeon level 4 with 707 points, and 321 pieces of gold, after 1288 moves. You were level 3 with a maximum of 29 hit points when you died.